 Dungeon Crawl Stone Soup version 0.28-a0-199-g298df9dbad (webtiles) character file.

Game seed: 10133105267022438350

15 willcat the Sneak (level 2, 0/19 HPs)
             Began as a Kobold Delver on Aug 19, 2021.
             Succumbed to Edmund's poison
             ... on level 5 of the Dungeon.
             The game lasted 00:00:26 (517 turns).

willcat the Sneak (Kobold Delver)                    Turns: 517, Time: 00:00:27

Health: 0/19       AC:  3    Str:  9    XL:     2   Next: 65%
Magic:  2/2        EV: 14    Int: 11    God:
Gold:   32         SH:  0    Dex: 16    Spells: 1/1 levels left

rFire   + . .      SeeInvis .   a - +0 short sword
rCold   . . .      Faith    .   (shield restricted)
rNeg    . . .      Spirit   .   b - +0 leather armour
rPois   .          Reflect  .   (no helmet)
rElec   .          Harm     .   (no cloak)
rCorr   .          Rampage  .   (no gloves)
Will    .....                   (no boots)
Stlth   ++++......              (no amulet)
HPRegen 0.06/turn               h - ring of protection from fire
MPRegen 0.08/turn               i - ring of flight

@: lethally poisoned (0 -> -16), flying
A: small, no large weapons, nightstalker 3
a: no special abilities


You were on level 5 of the Dungeon.
You visited 1 branch of the dungeon, and saw 1 of its levels.

You collected 32 gold pieces.

Inventory:

Hand Weapons
 a - a +0 short sword (weapon)
Armour
 b - a +0 leather armour (worn)
Jewellery
 h - a ring of protection from fire (left hand)
 i - a ring of flight (right hand)
Wands
 g - a wand of digging (3)
Scrolls
 c - a scroll of fog
 d - a scroll of magic mapping
 e - a scroll of fear
 j - a scroll of summoning {unknown}
Potions
 f - a potion of haste


   Skills:
 - Level 3.2 Fighting
 + Level 3.2 Short Blades
 + Level 2.9 Dodging
 + Level 6.9 Stealth


You had one spell level left.
You didn't know any spells.
Your spell library contained the following spells:

 Spells                   Type           Power      Damage    Failure   Level
 Shock                    Conj/Air       0%         1d3       45%         1
 Swiftness                Air            0%         N/A       83%         3
 Airstrike                Air            0%         N/A       99%         4


Dungeon Overview and Level Annotations

Branches:
Dungeon (5/15)
 Temple: D:4-7

Altars:

Annotations:
D:5 Edmund


Innate Abilities, Weirdness & Mutations

You are small and have problems with some larger weapons.
You are completely attuned to the shadows.


Message History

An orc comes into view. It is wielding a +0 dagger.
An orc comes into view. It is wielding a +0 dagger.
The helpless orc fails to defend itself.
You puncture the orc!
You kill the orc!
The helpless orc fails to defend itself.
You impale the orc!!
You kill the orc!
The helpless orc fails to defend itself.
You impale the orc!!
You kill the orc!
Things that are here:
a +0 dagger; an orc corpse
Things that are here:
a +0 flail; a +0 scale mail
h - a ring of protection from fire
i - a ring of flight
Found a stone staircase leading down.
h - a ring of protection from fire (left hand)
You fly up into the air.
i - a ring of flight (right hand) No target in view!
Found a club.
You see here a +0 club.
You now have 32 gold pieces (gained 11).
j - a scroll labelled QUINUX UCUYMESS
Found a stone staircase leading up.
Edmund the Younger comes into view.
He is wielding a +5 flail of venom.
Edmund shouts!
Edmund closely misses you.
Press: ? - help, v - describe, . - travel
Here: Edmund, wielding a +5 flail of venom and wearing a +0 leather armour The floor.
Unknown command.
Edmund says, "People will remember me!
They'll remember me and die!"
Edmund hits you with a +5 flail of venom!
Ouch! That really hurt!
You are lethally poisoned!
* * * LOW HITPOINT WARNING * * *
You feel very sick.
You die...

....#...##..#...##...............
.......####.##........####....>..
.....#####..###.#..#.## #..#....
..#.....##...##....### ##.......
###..........##..### #........
##...........###.## ##....#..
#......###...##...### ###.....#..
#..##.........@.####.##.......##.
...##.......#...@.#..............
...........##..##..........##....
.#...............#........##...##
####.##..<......##.........##....
### .......## ..........#....
.###### ......#........
###^..#.....### ##............#
#..............


You could see Edmund.

Vanquished Creatures
  An adder (D:5)
  3 orcs (D:5)
4 creatures vanquished.

Notes
Turn   | Place    | Note
-------+----------+-------------------------------------------
     0 | D:5      | willcat the Kobold Delver began the quest for the Orb.
     0 | D:5      | Reached XP level 1. HP: 14/14 MP: 1/1
    58 | D:5      | Reached XP level 2. HP: 4/19 MP: 2/2
   497 | D:5      | Noticed Edmund
   517 | D:5      | Succumbed to Edmund's poison

Illustrated notes

Levels and vault maps discovered:
D:5:      layout_cave_pools, grunt_temple_overflow_order_and_chaos_2,
          temple_hall, uniq_edmund

Skill      XL: |  1 |
---------------+----+-----
Short Blades   | 3 |  3.2
Fighting       | |  3.2
Dodging        | |  2.9
Stealth        | |  6.9

Action                   || total
-------------------------++-------
Melee: Short sword       ||     9
 Stab: Sleeping          ||     3
Dodge: Dodged            ||     6

Table legend: (Time is in decaauts)
 A = Elapsed time spent in this place.
 B = Non-inter-level travel time spent in this place.
 C = Inter-level travel time spent in this place.
 D = Time resting spent in this place.
 E = Time spent auto-exploring this place.
 F = Levels seen in this place.
 G = Mean time per level.
                   A        B        C        D        E       F      G
               +--------+--------+--------+--------+--------+-----+--------+
         Total |    515 |    515 |      0 |    258 |    212 |   1 |  515.0 |
       Dungeon |    515 |    515 |      0 |    258 |    212 |   1 |  515.0 |
               +--------+--------+--------+--------+--------+-----+--------+

Top non-repeatable levels by time:
     D:5: 515 daAuts
